 Dungeon Crawl Stone Soup version 0.28-a0-984-g3775c662fe (webtiles) character file.

Game seed: 3832703260326265742

3245 browni3141 the Transmogrifier (level 9, -7/56 HPs)
             Began as an Octopode Transmuter on Dec 4, 2021.
             Was an Elder of Dithmenos.
             Killed from afar by Harold (14 damage)
             ... with a harpoon shot
             ... on level 8 of the Dungeon.
             The game lasted 00:26:12 (11669 turns).

browni3141 the Transmogrifier (OpTm)               Turns: 11669, Time: 00:26:12

Health: -7/56      AC:  2    Str: 10    XL:     9   Next: 99%
Magic:  12/13      EV: 20    Int: 19    God:    Dithmenos [****..]
Gold:   445        SH:  0    Dex: 17    Spells: 3/14 levels left

rFire   + + .      SeeInvis .     - Unarmed
rCold   x . .      Faith    .   (shield currently unavailable)
rNeg    . . .      Spirit   .   (helmet currently unavailable)
rPois   x          Reflect  .   (no amulet)
rElec   .          Harm     .   j - ring of resist corrosion
rCorr   +          Rampage  .   o - ring of fire
Will    .....                   r - ring of protection from fire
Stlth   ++++......              u - ring of flight
HPRegen 0.18/turn               (no ring)
MPRegen 0.13/turn               (no ring)
                                (no ring)
                                (no ring)

@: spider-form, flying, wreathed by umbra
A: venomous fangs, almost no armour, (amphibious), 8 rings, tiny, (camouflage
1), (gelatinous body 1), (nimble swimmer 1), (tentacles)
a: End Transformation, Renounce Religion, Shadow Step


You were on level 8 of the Dungeon.
You worshipped Dithmenos.
Dithmenos was greatly pleased with you.
You were a venomous arachnid creature.
You visited 2 branches of the dungeon, and saw 9 of its levels.

You collected 445 gold pieces.

Inventory:

Missiles
 d - 225 stones
 s - 2 poisoned darts (quivered)
Jewellery
 j - a ring of resist corrosion (left front leg)
 o - a ring of fire (right front leg)
 r - a ring of protection from fire (on tentacle)
 u - a ring of flight (on tentacle)
Wands
 w - a wand of digging (7)
 y - a wand of charming (13)
Scrolls
 a - a scroll of summoning {unknown}
 b - 2 scrolls of immolation {unknown}
 c - 8 scrolls of teleportation {unknown}
 f - 6 scrolls of identify {unknown}
 h - 4 scrolls of enchant armour {unknown}
 i - a scroll of fog {unknown}
 k - a scroll of magic mapping {unknown}
 l - 2 scrolls of enchant weapon {unknown}
 v - 2 scrolls of vulnerability {unknown}
 x - a scroll of amnesia {unknown}
 A - a scroll of fear {unknown}
 B - a scroll of acquirement {unknown}
Potions
 e - 4 potions of cancellation
 g - a potion of attraction {unknown}
 m - 3 potions of curing {unknown}
 n - a potion of invisibility {unknown}
 p - 2 potions of haste {unknown}
 q - 2 potions of degeneration {unknown}
 t - 3 potions of flight {unknown}
 z - 2 potions of brilliance {unknown}


   Skills:
 + Level 3.0 Fighting
 + Level 3.4 Dodging
 + Level 5.1 Stealth
 * Level 5.1 Unarmed Combat
 + Level 3.3 Spellcasting
 - Level 10.8 Transmutations
 - Level 3.0 Poison Magic
 + Level 2.9 Invocations


You had 3 spell levels left.
You knew the following spells:

 Your Spells              Type           Power      Damage    Failure   Level
a - Beastly Appendage     Tmut           88%        N/A       2%          1
b - Wereblood             Tmut           44%        N/A       2%          2
c - Spider Form           Tmut/Pois      29%        N/A       10%         3
d - Blade Hands           Tmut           22%        N/A       14%         5

Your spell library contained the following spells:

 Spells                   Type           Power      Damage    Failure   Level
 Call Canine Familiar     Summ           3%         N/A       63%         3
 Portal Projectile        Hex/Tloc       6%         N/A       63%         3
 Ice Form                 Ice/Tmut       23%        N/A       34%         4
 Leda's Liquefaction      Hex/Erth       1%         N/A       94%         4
 Excruciating Wounds      Necr           1%         N/A       99%         5


Dungeon Overview and Level Annotations

Branches:
Dungeon (8/15)             Temple (1/1) D:6
   Lair: D:8-11

Altars:
Ashenzari
Cheibriados
Dithmenos
Elyvilon
Fedhas
Gozag
Hepliaklqana
Kikubaaqudgha
Makhleb
Nemelex Xobeh
Okawaru
Qazlal
Ru
Sif Muna
Trog
Uskayaw
Vehumet
Wu Jian
Xom
Yredelemnul
Zin
The Shining One
Beogh

Annotations:
D:6 1 runed translucent door
D:8 1 transporter, Harold


Innate Abilities, Weirdness & Mutations

You are a venomous arachnid creature.
You have poisonous fangs.
You are tiny and dextrous.
Your spellcasting is less reliable in this form.
Your armour is entirely melded.
You are incapable of wielding weapons or throwing items.
You cannot wear most types of armour.
((You are amphibious.))
You can wear up to eight rings at the same time.
((Your skin changes colour to match your surroundings (Stealth+).))
((Your rubbery body absorbs attacks. (AC +1, EV +1)))
((You are camouflaged near water. (Stealth+)))
((You have tentacles for arms and can constrict up to eight enemies at once.))


Message History

You closely miss the bullfrog.
The bullfrog is lightly wounded.
The bullfrog closely misses you. The bullfrog barely misses you.
You hit Harold but do no damage.
Harold is poisoned.
The bullfrog hits you! Harold barely misses you.
You bite Harold!
Harold looks as sick as possible!
Harold is lightly wounded.
The bullfrog misses you.
A gargoyle comes into view. It is wielding a +0 morningstar.
Harold closely misses you. The bullfrog misses you.
The bullfrog looks more healthy.
Harold throws a throwing net.
The throwing net closely misses you. The bullfrog completely misses you.
You see here a throwing net.
You hit the bullfrog.
The bullfrog is poisoned.
The bullfrog is heavily wounded.
The bullfrog misses you. The bullfrog completely misses you.
The bullfrog closely misses you. The bullfrog completely misses you.
Harold shouts, "Can you die now?
I had plans for the rest of the day!"
The bullfrog snags a nearby fly with its tongue.
The bullfrog closely misses you.
You kill the bullfrog!
Dithmenos accepts your kill.
Your Fighting skill increases to level 3!
Harold fires a harpoon shot at you. The harpoon shot hits you!!
You are yanked forward by the harpoon shot.
You hit Harold but do no damage.
Harold looks as sick as possible!
Harold is moderately wounded.
Harold hits you with a +0 mace!!
* * * LOW HITPOINT WARNING * * *
Unknown command.
Okay, then.
Okay, then.
Okay, then.
Harold fires a harpoon shot at you. The harpoon shot hits you!
You die...

. ...# #.#.........# . #..#
#..#######..# . #?.# #..#
#..##### . #..# #..# #......#
.###..# # #))# ##.###.#
......##.# #).# #.# #.#
(........# #.)# ######.###.#
####..###########..#
#....>#..... #..(......9@.s..#
#.####.##.##
##.###.########.###.# #.##.#
...# #.# #......# #.##.# #####
#.# ###..##### #.##.#
####.#####....# ###>##.#
#.......#....># #......#
#.......##.#..# ##....).#
###.†.....##....# #.......##
#..†.._......##.#####......#..


You could see Harold (extremely poisoned) and a gargoyle.

Vanquished Creatures
  Pikel (D:5)
  A wraith (D:6)
  Eustachio (D:6)
  A vampire mosquito (D:6)
  An ice beast (D:7)
  3 sky beasts
  2 necrophages
  3 ogres (D:6)
  A centaur (D:7)
  2 lemures
  A bullfrog (D:8)
  14 scorpions
  A wyvern zombie (D:6)
  A water moccasin skeleton (D:7)
  A howler monkey (D:4)
  2 bullfrog zombies (D:6)
  An orc priest (D:5)
  2 hounds
  An iguana (D:5)
  An orc wizard (D:4)
  7 gnolls
  10 adders
  2 shadow imps
  A white imp (D:4)
  An ufetubus (D:6)
  3 worms (D:3)
  9 dart slugs
  14 orcs
  8 bats
  6 endoplasms
  10 giant cockroaches
  4 goblins
  8 hobgoblins
  5 kobolds
  2 quokkas
  4 ball pythons
  3 frilled lizards
  A jackal skeleton (D:4)
  9 rats
  A butterfly (D:6)
149 creatures vanquished.

Vanquished Creatures (others)
  11 fungi (D:4)
  6 plants (D:8)
17 creatures vanquished.

Grand Total: 166 creatures vanquished

Notes
Turn   | Place    | Note
-------+----------+-------------------------------------------
     0 | D:1      | browni3141 the Octopode Transmuter began the quest for the
                  | Orb.
     0 | D:1      | Reached XP level 1. HP: 13/13 MP: 3/3
   131 | D:1      | Reached skill level 1 in Stealth
   152 | D:1      | Reached XP level 2. HP: 5/18 MP: 5/5
   847 | D:1      | Reached skill level 3 in Transmutations
   953 | D:1      | Reached XP level 3. HP: 22/23 MP: 6/6
   969 | D:1      | Found a faded altar of an unknown god.
   993 | D:1      | Prayed at the altar of an unknown god.
   993 | D:1      | Became a worshipper of Dithmenos the Shadowed
   993 | D:1      | Reached * piety under Dithmenos
  1351 | D:1      | Learned a level 2 spell: Wereblood
  1594 | D:2      | Learned a level 3 spell: Spider Form
  2355 | D:3      | You fall into a shaft and drop 3 floors!
  2355 | D:6      | Noticed a vampire mosquito
  2355 | D:6      | Noticed a scorpion
  2355 | D:6      | Noticed a scorpion
  2355 | D:6      | Found a runed translucent door.
  2378 | D:5      | Entered Level 5 of the Dungeon
  2435 | D:4      | Noticed a necrophage
  2779 | D:3      | Reached XP level 4. HP: 26/28 MP: 5/7
  2860 | D:3      | Reached ** piety under Dithmenos
  2937 | D:3      | Reached skill level 1 in Poison Magic
  3205 | D:3      | Reached skill level 4 in Transmutations
  3225 | D:3      | Reached XP level 5. HP: 31/33 MP: 6/8
  4184 | D:3      | Reached skill level 5 in Transmutations
  4451 | D:4      | Killed a necrophage
  4452 | D:4      | Reached XP level 6. HP: 13/38 MP: 9/9
  4768 | D:4      | Reached skill level 6 in Transmutations
  5036 | D:4      | Reached XP level 7. HP: 43/43 MP: 6/10
  5059 | D:4      | Reached skill level 7 in Transmutations
  5061 | D:4      | Reached *** piety under Dithmenos
  5690 | D:5      | Noticed Pikel
  5694 | D:5      | Reached skill level 8 in Transmutations
  6568 | D:4      | Reached XP level 8. HP: 45/48 MP: 8/11
  6840 | D:5      | Killed Pikel
  6841 | D:5      | Reached skill level 9 in Transmutations
  6928 | D:5      | Reached skill level 10 in Transmutations
  7129 | D:5      | Found a basalt altar of Yredelemnul.
  7482 | D:6      | Noticed a wraith
  7609 | D:6      | Noticed Eustachio
  7872 | D:7      | Reached XP level 9. HP: 43/53 MP: 12/12
  7942 | D:7      | Learned a level 5 spell: Blade Hands
  8278 | D:6      | Found a runed translucent door.
  8307 | D:6      | HP: 1/53 [scorpion (6)]
  8317 | D:6      | Reached skill level 1 in Invocations
  9544 | D:6      | Killed Eustachio
 10175 | D:6      | Found a staircase to the Ecumenical Temple.
 10181 | Temple   | Entered the Ecumenical Temple
 11060 | D:8      | Found a transporter.
 11080 | D:8      | Reached skill level 5 in Stealth
 11080 | D:8      | Reached skill level 5 in Unarmed Combat
 11083 | D:8      | Found a hide-covered altar of Uskayaw.
 11464 | D:8      | Reached **** piety under Dithmenos
 11643 | D:8      | Noticed Harold
 11651 | D:8      | Noticed a gargoyle
 11669 | D:8      | Killed from afar by Harold

Illustrated notes

Levels and vault maps discovered:
D:1:      scummos_arrival_simple_crosswalls, layout_basic,
          hellmonk_ecumenical_altar_defaced_shrine,
          chequers_serial_rivers_micro_a, chequers_decorated_corner,
          supply_closet_lemuel, minivault_14
D:2:      layout_basic
D:3:      layout_loops_ring, chequers_serial_rivers_marsh, due_unseen_surprise
D:4:      old_forge, layout_rooms, serial_aquarium, aquarium_bridge_square
          [aquarium_subvault_bridge, aquarium_subvault_bridge,
          aquarium_subvault_wall, aquarium_subvault_window],
          aquarium_window_corner, aquarium_window_fake, aquarium_view_2e,
          aquarium_view_2a, aquarium_pool_side
D:5:      layout_loops_cross, mainiacjoe_overflow_alcove_2, uniq_pikel
D:6:      lemuel_insect_pit, layout_loops_ring, minmay_temple_entry_fiery,
          uniq_eustachio
D:7:      layout_rooms
D:8:      layout_loops_ring, nicolae_uskayaw_murder_on_the_dancefloor,
          gammafunk_ghost_gnarly_gnolls, uniq_harold
Temple:   mainiacjoe_temple_big_plus

Skill      XL: |  1  2  3  4  5  6  7  8  9 |
---------------+----------------------------+-----
Stealth        | 1 2 5 |  5.1
Transmutations | 3 4 5 6 8 10 | 10.8
Poison Magic   | 1 3 |  3.0
Invocations    | 2 |  2.9
Fighting       | 3 |  3.0
Unarmed Combat | 5 |  5.1
Dodging        | 3 |  3.4
Spellcasting   | 3 |  3.3

Action                   |  1- 3 |  4- 6 |  7- 9 || total
-------------------------+-------+-------+-------++-------
Melee: Unarmed           |    96 |   108 |   259 ||   463
       Constrict         |    27 |    25 |    37 ||    89
       Kick              |    18 |    26 |    20 ||    64
       Tentacles         |    11 |    15 |    33 ||    59
       Punch             |     2 |     3 |     3 ||     8
Throw: Stone             |       |     3 |       ||     3
       Dart              |       |     3 |     4 ||     7
 Cast: Beastly Appendage |    14 |    15 |     8 ||    37
       Wereblood         |     3 |     3 |     4 ||    10
       Spider Form       |       |     3 |    17 ||    20
       Blade Hands       |       |       |    12 ||    12
  Use: Potion            |       |       |     4 ||     4
 Stab: Sleeping          |     5 |     4 |    10 ||    19
       Distracted        |     1 |     1 |     1 ||     3
Armor: Skin              |    10 |     4 |    12 ||    26
Dodge: Dodged            |    58 |    55 |   187 ||   300

Table legend: (Time is in decaauts)
 A = Elapsed time spent in this place.
 B = Non-inter-level travel time spent in this place.
 C = Inter-level travel time spent in this place.
 D = Time resting spent in this place.
 E = Time spent auto-exploring this place.
 F = Levels seen in this place.
 G = Mean time per level.
                   A        B        C        D        E       F      G
               +--------+--------+--------+--------+--------+-----+--------+
         Total |  11651 |  11272 |    379 |   3256 |   5849 |   9 | 1294.6 |
       Dungeon |  11234 |  10880 |    354 |   3256 |   5463 |   8 | 1404.2 |
        Temple |    416 |    391 |     25 |      0 |    386 |   1 |  416.0 |
               +--------+--------+--------+--------+--------+-----+--------+

Top non-repeatable levels by time:
     D:4: 2449 daAuts
     D:6: 2037 daAuts
     D:1: 1494 daAuts
     D:3: 1480 daAuts
     D:5: 1389 daAuts
     D:7: 918 daAuts
     D:2: 855 daAuts
     D:8: 609 daAuts
  Temple: 416 daAuts
